 Dungeon Crawl Stone Soup version 0.30.0-19-g36f170ea60 (webtiles) character file.

Game seed: 631792867222639087

6941 olmar the Brawler (level 11, -1/91 HPs)
             Began as a Ghoul Monk on June 1, 2023.
             Was an Initiate of Gozag.
             Slain by a two-headed ogre
             ... wielding a +0 giant spiked club
              (15 damage)
             ... on level 9 of the Dungeon.
             The game lasted 00:11:51 (8962 turns).

olmar the Brawler (Ghoul Monk)                      Turns: 8962, Time: 00:11:52

Health: -1/91      AC: 14    Str: 20    XL:     11   Next: 7%
Magic:  10/10      EV:  6    Int:  5    God:    Gozag
Gold:   1868       SH:  5    Dex: 17    Spells: 10/10 levels left

rFire   . .          .
                       - Unarmed
rCold   + + .        (no shield)
rNeg    + + +        F - +1 plate armour {rC+}
rPois   ∞            l - +0 helmet
rElec   .            (no cloak)
rCorr   .            (no gloves)
SInv    .            H - +1 pair of boots {Fly}
Will    +....        A - amulet of reflection Stlth
                     s - +6 ring of dexterity
HPRegen 0.00/turn    v - ring of willpower
MPRegen 0.12/turn

%: reflection
@: flying, inhibited regen, invisible
A: claws 1, cold resistance 1, negative energy resistance 3, inhibited
regeneration, torment resistance 2, devour on kill
a: Renounce Religion, Potion Petition, Call Merchant, Bribe Branch


You were on level 9 of the Dungeon.
You worshipped Gozag.
Gozag was most pleased with you.
You visited 1 branch of the dungeon, and saw 9 of its levels.
You also visited: Bailey.

You collected 2160 gold pieces.
You spent 292 gold pieces at shops.

Inventory:

Missiles
 d - 3 silver boomerangs
 j - 32 poisoned darts (quivered)
 D - 14 boomerangs
Armour
 c - an orb of light
 l - a +0 helmet (worn)
 F - a +1 plate armour of cold resistance (worn)
 H - a +1 pair of boots of flying (worn)
Jewellery
 s - a +6 ring of dexterity (left claw)
 v - a ring of willpower (right claw)
 z - a +6 ring of dexterity
 A - an amulet of reflection (around neck)
Wands
 a - a wand of polymorph (6)
Scrolls
 b - 3 scrolls of torment
 i - a scroll of magic mapping
 m - 2 scrolls of brand weapon {unknown}
 n - 3 scrolls of enchant armour
 o - 2 scrolls of blinking
 p - 2 scrolls of enchant weapon {unknown}
 r - 2 scrolls of vulnerability {unknown}
 t - 4 scrolls of teleportation {unknown}
 w - a scroll of immolation {unknown}
 x - 3 scrolls of amnesia {unknown}
 B - a scroll of poison {unknown}
 C - a scroll of fog
Potions
 e - a potion of attraction {unknown}
 h - a potion of curing
 k - 7 potions of flight
 q - a potion of invisibility
 u - 2 potions of brilliance
 G - a potion of mutation {unknown}
Miscellaneous
 I - a piece from Xom's chessboard (15/15)


   Skills:
 + Level 6.9 Fighting
 + Level 2.7 Throwing
 - Level 2.6 Dodging
 - Level 0.9 Shields
 + Level 16.6 Unarmed Combat


You had 10 spell levels left.
You didn't know any spells.
Your spell library contained the following spells:

 Spells                   Type           Power      Damage    Failure   Level
 Apportation              Tloc           0%         N/A       100%        1
 Necrotise                Necr           0%         1d4       100%        1
 Shock                    Conj/Air       0%         1d3       100%        1
 Sting                    Tmut/Pois      0%         1d3       100%        1
 Summon Small Mammal      Summ           0%         N/A       100%        1
 Poisonous Vapours        Pois/Air       0%         N/A       100%        2
 Call Canine Familiar     Summ           0%         N/A       100%        3
 Portal Projectile        Hex/Tloc       0%         N/A       100%        3
 Summon Guardian Golem    Hex/Summ       0%         N/A       100%        3
 Swiftness                Air            0%         N/A       100%        3
 Vampiric Draining        Necr           0%         2d6       100%        3
 Airstrike                Air            0%         2d(0-16)  100%        4
 Leda's Liquefaction      Hex/Erth       0%         N/A       100%        4
 Olgreb's Toxic Radiance  Pois           0%         N/A       100%        4
 Agony                    Necr           0%         N/A       100%        5


Dungeon Overview and Level Annotations

Branches:
Dungeon (9/15)             Temple (0/1) D:5          Bailey (visited)
   Lair: D:8-11         Orc: D:9-12

Altars:
Ashenzari
Dithmenos
Gozag
Nemelex Xobeh
Ru
Vehumet

Shops:
D:2 !   D:4 *[[*:

Annotations:
D:9 3 runed translucent doors, Diggabert's ghost, novice HuGl; sampeng1's ghost, novice HuCK


Innate Abilities, Weirdness & Mutations

You are immune to poison.
You have sharp fingernails.
Your flesh is cold resistant. (rC+)
You are immune to negative energy. (rN+++)
You do not regenerate when monsters are visible.
You are immune to unholy pain and torment.
You thrive by killing the living.


Message History

The centaur shoots an arrow.
The arrow hits the two-headed ogre.
Unknown command.
You feel better. Something hits you but does no damage.
The meliai is distracted by your dazzling golden aura.
Unknown command.
You feel better.
The centaur unwields a +0 shortbow.
The centaur hits you.
The centaur kicks you but does no damage.
Unknown command.
You barely miss the centaur.
The centaur is severely wounded.
Something hits you.
Unknown command.
You claw the centaur!
You kill the centaur!
You feel better. You block something's attack.
Unknown command.
You claw the two-headed ogre!
The two-headed ogre is severely wounded.
Something hits you but does no damage.
Unknown command.
You scratch the two-headed ogre.
The two-headed ogre is severely wounded.
Something hits you! Something hits you but does no damage.
The two-headed ogre hits you but does no damage.
The two-headed ogre hits you with a +0 giant club!
* * * LOW HITPOINT WARNING * * *
Unknown command.
You catch the helpless two-headed ogre completely off-guard!
You claw the two-headed ogre! You claw the two-headed ogre.
The two-headed ogre is almost dead.
Something hits you!
* * * LOW HITPOINT WARNING * * *
Unknown command.
You scratch the two-headed ogre but do no damage.
The two-headed ogre is almost dead.
The meliai is no longer distracted by gold.
The two-headed ogre barely misses you.
The two-headed ogre hits you with a +0 giant club!
You die...
Your body crumbles into a pile of gold.

##..## *##### #......... #..##
##........ ...# #......#. ...#
##### *##...###. ..## #####...##
*#.#.#####. ..## #.#.'....#
*#..### #.. ...####..####'####
*#...### #.. #....#.).#.......#
*#....#.####..
#######'##.⌠...⌠@#*#.....#.......
####888.##..⌠...O##.(..$)#.......
##.'.)..8#...⌠...Y$OcJ.!##.......
##.#888.##....⌠y.##....$)#.......
##.####+##.⌠...⌠.#*#....[#.......
.))).#...#.......# *#...(#.......
..)..##..####'#### *#...##....##
.....#.#)'...)# *#..########
.....#####...## *#.#


You could see a two-headed ogre (unable to see you), a yak (unable to see you)
and a meliai (unable to see you).

Vanquished Creatures
  2 two-headed ogres
  An ugly thing (D:9)
  A troll (D:9)
  A hornet (D:9)
  2 wyverns
  6 yaks (D:9)
  A steam dragon (D:7)
  2 acid dragons
  2 ice beasts (D:6)
  8 orc warriors
  A black bear (D:6)
  An ogre (D:5)
  A centaur (D:9)
  5 kobold brigands
  3 phantoms
  2 bullfrogs (D:7)
  6 scorpions
  3 wights (D:9)
  5 killer bees (D:9)
  A howler monkey (D:6)
  A gnoll bouda (D:8)
  4 orc priests
  5 hounds
  A jelly (D:7)
  3 iguanas (D:6)
  A sleepcap (D:4)
  6 orc wizards
  12 gnolls
  3 adders
  A shadow imp (D:6)
  A white imp (D:6)
  3 ufetubi
  2 worms
  A dart slug (D:4)
  29 orcs
  3 ball pythons
  6 endoplasms
  3 giant cockroaches
  12 goblins
  12 hobgoblins
  7 jackals
  37 kobolds
  3 quokkas
  9 bats
  9 frilled lizards
  8 rats
236 creatures vanquished.

Vanquished Creatures (others)
  A white imp (D:7)
1 creature vanquished.

Grand Total: 237 creatures vanquished

Notes
Turn   | Place    | Note
-------+----------+-------------------------------------------
     0 | D:1      | olmar the Ghoul Monk began the quest for the Orb.
     0 | D:1      | Reached XP level 1. HP: 19/19 MP: 0/0
   114 | D:1      | Reached XP level 2. HP: 26/26 MP: 1/1
   442 | D:1      | Reached skill level 4 in Unarmed Combat
   556 | D:1      | Reached XP level 3. HP: 33/33 MP: 2/2
   932 | D:2      | Found Vuetasufi's Distillery.
   961 | D:2      | Bought a potion of heal wounds for 55 gold pieces
   961 | D:2      | Bought a potion of curing for 33 gold pieces
  1308 | D:3      | Reached XP level 4. HP: 40/40 MP: 3/3
  1343 | D:3      | Reached skill level 5 in Unarmed Combat
  1908 | D:3      | Reached XP level 5. HP: 46/46 MP: 4/4
  2318 | D:4      | Found Duniviw's Antique Armour Shop.
  2325 | D:4      | Reached skill level 6 in Unarmed Combat
  2351 | D:4      | Reached XP level 6. HP: 52/52 MP: 5/5
  2358 | D:4      | Found Heesakh's Antique Armour Emporium.
  2413 | D:4      | Found an opulent altar of Gozag.
  2413 | D:4      | Found a radiant altar of Vehumet.
  2419 | D:4      | Became a worshipper of Gozag Ym Sagoz the Greedy
  2449 | D:4      | Identified the +9 dagger "Goblin's Curse" {heavy, rF+++
                  | rC++ Str+3}
  2588 | D:4      | Reached skill level 7 in Unarmed Combat
  2590 | D:4      | Found Ruurrike's General Store.
  2680 | D:4      | Bought a scroll of blinking for 90 gold pieces
  2680 | D:4      | Bought a scroll of torment for 114 gold pieces
  2680 | D:4      | Found Ibledgho's Book Boutique.
  2820 | D:4      | Found Kaatz's Assorted Antiques.
  2945 | D:5      | Entered Level 5 of the Dungeon
  3054 | D:5      | Found a broken altar of Ashenzari.
  3120 | D:5      | Found a staircase to the Ecumenical Temple.
  3168 | D:5      | Reached skill level 8 in Unarmed Combat
  3168 | D:5      | Reached XP level 7. HP: 60/60 MP: 6/6
  3677 | D:6      | Noticed a wyvern
  3682 | D:6      | Reached skill level 9 in Unarmed Combat
  3708 | D:6      | Reached XP level 8. HP: 30/67 MP: 7/7
  3718 | D:6      | Killed a wyvern
  3719 | D:6      | Reached skill level 10 in Unarmed Combat
  4007 | D:6      | Reached skill level 5 in Fighting
  4179 | D:6      | Reached skill level 11 in Unarmed Combat
  4387 | D:6      | Found a sacrificial altar of Ru.
  4387 | D:6      | Found a sparkling altar of Nemelex Xobeh.
  4837 | D:6      | Reached XP level 9. HP: 48/74 MP: 8/8
  4907 | D:7      | Reached skill level 12 in Unarmed Combat
  5027 | D:7      | Identified the +4 ring mail of Cloud Cover {rCorr Str-5
                  | Stlth+}
  5370 | D:7      | Found a shadowy altar of Dithmenos.
  5957 | D:8      | Reached skill level 13 in Unarmed Combat
  6479 | D:8      | Noticed a two-headed ogre
  6513 | D:8      | Killed a two-headed ogre
  6514 | D:8      | Reached skill level 14 in Unarmed Combat
  6675 | D:9      | Noticed a two-headed ogre
  6680 | D:9      | Killed a two-headed ogre
  6681 | D:9      | Reached XP level 10. HP: 58/84 MP: 9/9
  6729 | D:9      | Found a flagged portal.
  6737 | Bailey   | Entered a bailey
  7051 | Bailey   | Reached skill level 15 in Unarmed Combat
  7236 | Bailey   | Reached skill level 1 in Throwing
  8777 | D:9      | Found a runed translucent gate.
  8777 | D:9      | Found a runed translucent gate.
  8777 | D:9      | Found a runed translucent gate.
  8782 | D:9      | Noticed Diggabert's ghost (novice HuGl)
  8782 | D:9      | Noticed sampeng1's ghost (novice HuCK)
  8831 | D:9      | Reached skill level 16 in Unarmed Combat
  8897 | D:9      | Reached XP level 11. HP: 90/91 MP: 10/10
  8931 | D:9      | Noticed a brown ugly thing
  8931 | D:9      | Noticed a two-headed ogre
  8945 | D:9      | Killed a brown ugly thing
  8962 | D:9      | Slain by a two-headed ogre

Illustrated notes

Levels and vault maps discovered:
D:1:      tarquinn_simple_flora_water_d, layout_basic
D:2:      layout_rooms, serial_shops, shop, roderic_lattice_a
D:3:      minmay_chambers_of_twos, layout_basic
D:4:      layout_rooms, jmf_multi_god_temple, serial_shops,
          nicolae_diamond_shop, nicolae_stop_n_shop_1, nicolae_diamond_shop,
          shop, shop, grunt_decor_arrowhead, grunt_ministairs_15
D:5:      layout_loops_ring, evilmike_ruin_ashenzari,
          minmay_temple_entry_drinking_statues
D:6:      minmay_chambers_of_threes, layout_basic,
          mainiacjoe_overflow_large_starburst, feat_on_display
D:7:      layout_cave_pools, grunt_dithmenos_smoke_and_mirrors
D:8:      layout_basic, amcnicky_mini_rare_corridor_liquid, hex_medium
D:9:      minmay_chambers_of_sevens, layout_layer_cave, enter_bailey_2,
          gammafunk_ghost_cemetery

Skill      XL: |  1  2  3  4  5  6  7  8  9 10 |
---------------+-------------------------------+-----
Unarmed Combat | 4 5 6 8 9 11 14 16 | 16.6
Fighting       | 4 5 6 |  6.9
Throwing       | 2 |  2.7
Dodging        | |  2.6
Shields        | |  0.9

Action                     |  1- 3 |  4- 6 |  7- 9 | 10-12 || total
---------------------------+-------+-------+-------+-------++-------
  Melee: Unarmed           |   103 |   141 |   274 |   174 ||   692
         Punch             |       |       |    10 |    15 ||    25
  Throw: Dart              |       |       |    11 |    36 ||    47
    Use: Potion            |       |     3 |     2 |     5 ||    10
         Scroll            |       |     4 |     4 |       ||     8
   Stab: Invisible         |       |       |     4 |     6 ||    10
         Distracted        |       |       |     1 |       ||     1
 Armour: Robe              |     5 |       |       |       ||     5
         Chain mail        |    33 |    47 |    96 |       ||   176
         Leather armour    |       |       |     1 |     5 ||     6
         Plate armour      |       |       |       |    53 ||    53
  Dodge: Dodged            |    46 |    45 |    93 |    46 ||   230
  Block: Other             |       |       |    10 |    30 ||    40
         Reflection        |       |       |     2 |     5 ||     7
